[Event "ICCopen2017"]
[Site "Internet Chess Club"]
[Date "2017.03.19"]
[Round "2"]
[White "Voltage"]
[Black "jajaba"]
[Result "1-0"]
[ICCResult "Black forfeits on time"]
[WhiteElo "2376"]
[BlackElo "1839"]
[Opening "Queen's pawn: Lundin (Kevitz-Mikenas) defense"]
[ECO "A40"]
[NIC "QO.17"]
[Time "19:23:52"]
[TimeControl "180+0"]

1. d4 Nc6 2. Nf3 d6 3. c4 Bg4 4. Nc3 e5 5. d5 Nce7 6. e4 Nf6 7. Be2 Ng6 8.
O-O Be7 9. h3 Bd7 10. b4 h6 11. Be3 O-O 12. c5 Qc8 13. Kh2 a5 14. a3 Qd8 15.
Bb5 Bc8 16. Qe2 Nh7 17. Bd3 Bf6 18. Rac1 axb4 19. axb4 Ra3 20. Nb5 Ra8 21.
cxd6 cxd6 22. Nc7 Rb8 23. Ba7 Nf4 24. Qc2 Bd7 25. Bxb8 Qxb8 26. Bb5 Bc8 27.
Ne8 Bxh3 28. Nxf6+ Nxf6 29. gxh3 Qa7 30. Rg1 Qb6 31. Bf1 Kh8 32. Qd2 Qd8 33.
Bd3 Qd7 34. Rg3 N6h5 35. Ng1 Nxg3 36. fxg3 Ng6 37. Nf3 Rc8 38. Rxc8+ Qxc8
39. Qc2 Qd7 40. Nh4 Nxh4 41. gxh4 Qe7 42. Qf2 Qc7 43. b5 f6 44. Be2 Qc2 45.
Qe3 Qb2 46. Kg3 Kh7 47. Bg4 Qb1 48. h5 Kg8 49. Be6+ Kf8 50. Qc3 Qg1+ 51. Kf3
Qh1+ 52. Ke3 Qg1+ 53. Kd3 Qg3+ 54. Kc4 Qxc3+ 55. Kxc3 Ke7 56. b6 Kd8 57. Kd3
Ke7 58. Ke3 {Black forfeits on time} 1-0

[Event "ICCopen2017"]
[Site "Internet Chess Club"]
[Date "2017.03.19"]
[Round "2"]
[White "RockyTop"]
[Black "DavidBerczes"]
[Result "0-1"]
[ICCResult "White checkmated"]
[WhiteElo "1630"]
[BlackElo "2684"]
[Opening "Scandinavian: Marshall variation"]
[ECO "B01"]
[NIC "SD.03"]
[Time "19:25:24"]
[TimeControl "180+0"]

1. e4 d5 2. exd5 Nf6 3. d4 Nxd5 4. c4 Nb6 5. Nc3 e5 6. d5 c6 7. g3 Bb4 8.
Bd2 O-O 9. Nge2 Nxc4 10. Bg2 cxd5 11. Bxd5 Nxd2 12. Qxd2 Nc6 13. O-O Bg4 14.
f3 Bh3 15. Rfd1 Qb6+ 16. Kh1 Qf2 17. Ng1 Bg2# {White checkmated} 0-1

[Event "ICCopen2017"]
[Site "Internet Chess Club"]
[Date "2017.03.19"]
[Round "2"]
[White "Mike666"]
[Black "kamalchandran"]
[Result "0-1"]
[ICCResult "White forfeits on time"]
[WhiteElo "1383"]
[BlackElo "1790"]
[Opening "King's Indian: fianchetto with ...Nc6"]
[ECO "E62"]
[NIC "KI.73"]
[Time "19:22:49"]
[TimeControl "180+0"]

1. d4 Nf6 2. c4 g6 3. Nf3 Bg7 4. g3 O-O 5. Bg2 d6 6. Nc3 Nc6 7. Bg5 h6 8.
Bxf6 Bxf6 9. e3 a6 10. O-O Rb8 11. Rc1 Bg4 12. h3 Bxf3 13. Bxf3 e5 14. Bg2
exd4 15. Bxc6 bxc6 16. exd4 Rxb2 17. Qf3 Bxd4 18. Qxc6 Qg5 19. Ne4 Qf5 20.
Qd5 Qxd5 21. cxd5 Rc8 22. Kg2 Rxa2 23. Nxd6 Rd8 24. Nc4 Rxd5 25. Rb1 Rf5 26.
Rbd1 Rfxf2+ 27. Rxf2 Rxf2+ 28. Kh1 c5 29. Na5 Rf3 30. Nc6 Rxg3 31. Nxd4
Rxh3+ 32. Kg2 Ra3 33. Nb3 Rxb3 34. Rd7 a5 35. Ra7 Ra3 36. Rb7 c4 37. Rb5 c3
38. Kf2 c2 39. Rc5 Ra2 40. Ke2 h5 41. Kd3 h4 42. Rc3 h3 43. Rc5 h2 44. Rf5
gxf5 {White forfeits on time} 0-1

[Event "ICCopen2017"]
[Site "Internet Chess Club"]
[Date "2017.03.19"]
[Round "2"]
[White "MiodragJevtic"]
[Black "ylr5000"]
[Result "0-1"]
[ICCResult "White forfeits on time"]
[WhiteElo "1821"]
[BlackElo "2286"]
[Opening "Sicilian"]
[ECO "B56"]
[NIC "SI.25"]
[Time "19:25:21"]
[TimeControl "180+0"]

1. e4 c5 2. Nf3 d6 3. d4 cxd4 4. Nxd4 Nf6 5. Nc3 Nc6 6. g3 e5 7. Nb3 Bg4 8.
f3 Be6 9. g4 Be7 10. Be3 a6 11. Qd2 b5 12. h4 O-O 13. h5 Nd7 14. h6 g6 15.
Nd5 Rc8 16. Bg2 Bxd5 17. exd5 Ncb8 18. g5 Nb6 19. Bh3 Nc4 20. Qe2 Nxe3 21.
Bxc8 Bxg5 22. Bh3 Nxd5 23. c3 Nf4 24. Qe4 d5 {White forfeits on time} 0-1

[Event "ICCopen2017"]
[Site "Internet Chess Club"]
[Date "2017.03.19"]
[Round "2"]
[White "GiantHulk"]
[Black "NEO2017"]
[Result "1-0"]
[ICCResult "Black resigns"]
[WhiteElo "2105"]
[BlackElo "1717"]
[Opening "Nimzovich-Larsen attack"]
[ECO "A01"]
[NIC "VO.08"]
[Time "19:26:59"]
[TimeControl "180+0"]

1. b3 f6 2. e4 Nh6 3. d4 Nf7 4. Nf3 g6 5. Bb2 Bg7 6. Nc3 b6 7. Bd3 c6 8. Qe2
a5 9. O-O-O b5 10. e5 fxe5 11. dxe5 e6 12. Ne4 Qc7 13. Nf6+ Bxf6 14. exf6
Ba6 15. h4 Kd8 16. h5 g5 17. Nxg5 Nxg5 18. f7 Rf8 19. Qg4 Nxf7 20. Qg7 Qf4+
21. Kb1 Ng5 22. Rh4 Qxh4 23. Qxf8+ Kc7 24. Bf6 Qxh5 25. Qd8+ Kb7 26. f3 Nf7
27. Qe7 b4 28. Be4 Kb6 29. Bd4+ c5 30. Bxa8 cxd4 31. Qe8 Ka7 32. Be4 a4 33.
g4 Qc5 34. Qxf7 a3 35. Qg7 Qc3 36. Qxd4+ Qxd4 37. Rxd4 d5 38. Bd3 Nc6 39.
Rf4 Bc8 40. Rf8 Kb7 41. Rf7+ Kb6 42. Rxh7 Ne5 43. g5 Nxf3 44. g6 e5 45. g7
Be6 46. Rh6 Ng5 47. Rxe6+ Nxe6 48. g8=Q Nd4 49. Qxd5 Nc6 50. Qb5+ Kc7 51.
Be4 Ne7 52. Qxe5+ Kd7 53. Qb5+ Ke6 54. Qxb4 Kf6 55. Qxa3 Ng6 56. Qd6+
{Black resigns}
1-0

[Event "ICCopen2017"]
[Site "Internet Chess Club"]
[Date "2017.03.19"]
[Round "3"]
[White "chesscharm"]
[Black "MiodragJevtic"]
[Result "0-1"]
[ICCResult "White resigns"]
[WhiteElo "1039"]
[BlackElo "1821"]
[Opening "Nimzo-Indian defense"]
[ECO "E20"]
[NIC "NI.30"]
[Time "19:34:26"]
[TimeControl "180+0"]

1. d4 Nf6 2. c4 e6 3. Nc3 Bb4 4. Bd2 O-O 5. Nf3 d6 6. e3 Nbd7 7. Bd3 e5 8.
O-O Bxc3 9. bxc3 e4 10. Nh4 exd3 11. Qf3 Nb6 12. Qg3 Nxc4 {White resigns}
0-1

[Event "ICCopen2017"]
[Site "Internet Chess Club"]
[Date "2017.03.19"]
[Round "3"]
[White "KnightHopper"]
[Black "RebelJohnny"]
[Result "0-1"]
[ICCResult "White resigns"]
[WhiteElo "1573"]
[BlackElo "1967"]
[Opening "King's pawn opening"]
[ECO "B07"]
[NIC "VO.17"]
[Time "19:35:02"]
[TimeControl "180+0"]

1. e4 d6 2. Nf3 Nf6 3. d3 c5 4. Nbd2 Nc6 5. g3 g6 6. Bg2 Bg7 7. O-O O-O 8.
Re1 Bd7 9. c3 Qc8 10. Qc2 Bh3 11. Bxh3 Qxh3 12. d4 cxd4 13. cxd4 Ng4 14. Qd3
Nxd4 15. Nb3 Nxf3+ 16. Qxf3 Qxh2+ 17. Kf1 Ne5 18. Qg2 Qxg2+ 19. Kxg2 Nd3 20.
Rd1 Nxb2 21. Rd2 Nc4 {White resigns} 0-1

[Event "ICCopen2017"]
[Site "Internet Chess Club"]
[Date "2017.03.19"]
[Round "3"]
[White "icewoman"]
[Black "dashingfox"]
[Result "0-1"]
[ICCResult "White checkmated"]
[WhiteElo "1059"]
[BlackElo "1838"]
[Opening "Queen's pawn game"]
[ECO "A46"]
[NIC "QP.06"]
[Time "19:34:20"]
[TimeControl "180+0"]

1. d4 Nf6 2. Nf3 c5 3. e3 cxd4 4. exd4 d5 5. Bd3 Nc6 6. b3 Bg4 7. Nbd2 e6 8.
Bb2 Bd6 9. O-O O-O 10. Qe1 Nb4 11. Be2 Nxc2 12. Qc1 Nxa1 13. Qxa1 Rc8 14.
Ne5 Bxe2 15. f4 Bxf1 16. Qxf1 Ne4 17. Bc1 Nxd2 18. Bxd2 Bxe5 19. fxe5 Qh4
20. g3 Qxd4+ 21. Kh1 Rc2 22. Bb4 Qe4+ 23. Kg1 Qxb4 24. Qf4 Qd2 25. Qh4 Qg2#
{White checkmated}
0-1

[Event "ICCopen2017"]
[Site "Internet Chess Club"]
[Date "2017.03.19"]
[Round "3"]
[White "manfredo"]
[Black "marinocid"]
[Result "0-1"]
[ICCResult "White resigns"]
[WhiteElo "1056"]
[BlackElo "1835"]
[Opening "Sicilian: closed"]
[ECO "B23"]
[NIC "SI.44"]
[Time "19:34:23"]
[TimeControl "180+0"]

1. e4 c5 2. Nc3 e6 3. f4 Nc6 4. Nf3 d5 5. Bb5 d4 6. Bxc6+ bxc6 7. Na4 d3 8.
cxd3 Qxd3 9. e5 Ba6 10. Kf2 Nh6 11. Ne1 Qd4+ {White resigns} 0-1

[Event "ICCopen2017"]
[Site "Internet Chess Club"]
[Date "2017.03.19"]
[Round "3"]
[White "captain9"]
[Black "egyptiantiger"]
[Result "0-1"]
[ICCResult "White checkmated"]
[WhiteElo "712"]
[BlackElo "1796"]
[Opening "Van't Kruijs opening"]
[ECO "A00"]
[Time "19:34:31"]
[TimeControl "180+0"]

1. e3 e5 2. d3 d5 3. Bd2 Bc5 4. Be2 Nc6 5. f3 Nf6 6. g4 e4 7. fxe4 dxe4 8.
dxe4 Nxg4 9. Bxg4 Qh4+ 10. Ke2 Bxg4+ 11. Nf3 Ne5 12. Qf1 Bxf3+ 13. Qxf3 Nxf3
14. Kd3 Ne5+ 15. Kc3 Qxe4 16. Na3 Qb4# {White checkmated} 0-1

[Event "ICCopen2017"]
[Site "Internet Chess Club"]
[Date "2017.03.19"]
[Round "3"]
[White "leonardoalmeida"]
[Black "AlonzoB"]
[Result "1-0"]
[ICCResult "Black checkmated"]
[WhiteElo "1785"]
[BlackElo "1225"]
[Opening "Van't Kruijs opening"]
[ECO "A00"]
[Time "19:35:54"]
[TimeControl "180+0"]

1. e3 d5 2. b3 e6 3. Bb2 Nf6 4. Qf3 Be7 5. Nc3 O-O 6. Be2 a6 7. Qg3 Kh8 8.
Nh3 h6 9. O-O Nc6 10. a3 Bd6 11. f4 e5 12. Kh1 exf4 13. Nxf4 Re8 14. Ncxd5
Nxd5 15. Qxg7# {Black checkmated} 1-0

[Event "ICCopen2017"]
[Site "Internet Chess Club"]
[Date "2017.03.19"]
[Round "3"]
[White "Fioro"]
[Black "gigger"]
[Result "1-0"]
[ICCResult "Black checkmated"]
[WhiteElo "2274"]
[BlackElo "1794"]
[Opening "Pirc defense"]
[ECO "B07"]
[NIC "PU.08"]
[Time "19:35:33"]
[TimeControl "180+0"]

1. e4 d6 2. d4 Nf6 3. Nc3 Nbd7 4. g4 e5 5. Be3 exd4 6. Bxd4 Be7 7. g5 c5 8.
gxf6 cxd4 9. fxe7 Qxe7 10. Qxd4 Nc5 11. O-O-O O-O 12. f4 Bg4 13. Be2 Bxe2
14. Ngxe2 Rad8 15. Ng3 a6 16. Nf5 Qe6 17. Qxg7# {Black checkmated} 1-0

[Event "ICCopen2017"]
[Site "Internet Chess Club"]
[Date "2017.03.19"]
[Round "3"]
[White "TaijiChess22"]
[Black "Machinegun"]
[Result "1-0"]
[ICCResult "Black checkmated"]
[WhiteElo "1778"]
[BlackElo "2372"]
[Opening "Sicilian: dragon, classical, 9.Nb3"]
[ECO "B74"]
[NIC "SI.25"]
[Time "19:34:13"]
[TimeControl "180+0"]

1. e4 c5 2. Nf3 d6 3. d4 cxd4 4. Nxd4 Nf6 5. Nc3 Nc6 6. Nb3 g6 7. Be2 Bg7 8.
Be3 O-O 9. O-O b6 10. f4 Bb7 11. Bd3 Nd7 12. Qe1 Nc5 13. Qg3 Nxd3 14. cxd3
Ba6 15. Rad1 Rc8 16. f5 Ne5 17. fxg6 hxg6 18. Rf4 Bxd3 19. Rh4 Bc2 20. Rf1
Bxb3 21. axb3 Qd7 22. Rff4 Nd3 23. Rfg4 Nxb2 24. Nd5 e6 25. Rxg6 fxg6 26.
Qxg6 Qf7 27. Qh7# {Black checkmated} 1-0

[Event "ICCopen2017"]
[Site "Internet Chess Club"]
[Date "2017.03.19"]
[Round "3"]
[White "DoctorWho"]
[Black "Kastor"]
[Result "0-1"]
[ICCResult "White resigns"]
[WhiteElo "1875"]
[BlackElo "2816"]
[Opening "King's Indian: Petrosian system, Stein variation"]
[ECO "E92"]
[NIC "KI.17"]
[Time "19:34:52"]
[TimeControl "180+0"]

1. d4 Nf6 2. c4 g6 3. Nc3 Bg7 4. e4 d6 5. Nf3 O-O 6. Be2 e5 7. d5 a5 8. O-O
Na6 9. Qc2 Nc5 10. Bg5 h6 11. Be3 b6 12. Nd2 Ng4 13. Bxg4 Bxg4 14. a3 Bc8
15. b4 Nd7 16. Nb5 f5 17. f3 Nf6 18. c5 Ba6 19. a4 axb4 20. c6 fxe4 21. fxe4
Ng4 22. Qb3 Bxb5 23. Rxf8+ {White resigns} 0-1

[Event "ICCopen2017"]
[Site "Internet Chess Club"]
[Date "2017.03.19"]
[Round "3"]
[White "demchog97"]
[Black "Speirs"]
[Result "1-0"]
[ICCResult "Black resigns"]
[WhiteElo "1969"]
[BlackElo "1648"]
[Opening "Nimzo-Indian: Kmoch variation"]
[ECO "E24"]
[NIC "NI.30"]
[Time "19:35:06"]
[TimeControl "180+0"]

1. d4 Nf6 2. c4 e6 3. Nc3 Bb4 4. f3 c5 5. a3 Bxc3+ 6. bxc3 O-O 7. e4 d5 8.
cxd5 exd5 9. e5 Nh5 10. Nh3 Bxh3 11. gxh3 Qh4+ 12. Ke2 Nc6 13. Rg1 f6 14.
Rg4 Nf4+ 15. Bxf4 Qh5 16. Kf2 fxe5 17. dxe5 Nxe5 18. Qxd5+ Kh8 19. Qxe5 Qf7
20. Bc4 Qd7 21. Rag1 Rg8 22. Bxg8 Rxg8 23. Bh6 Qd2+ 24. Bxd2 {Black resigns}
1-0

[Event "ICCopen2017"]
[Site "Internet Chess Club"]
[Date "2017.03.19"]
[Round "3"]
[White "CeffylGlas"]
[Black "Activekids"]
[Result "0-1"]
[ICCResult "White resigns"]
[WhiteElo "1266"]
[BlackElo "1990"]
[Opening "English: Caro-Kann defensive system"]
[ECO "A11"]
[NIC "EO.64"]
[Time "19:34:52"]
[TimeControl "180+0"]

1. c4 c6 2. Nc3 d5 3. b3 Nf6 4. d4 dxc4 5. bxc4 e5 6. d5 Bb4 7. Bb2 cxd5 8.
a3 Bxc3+ 9. Bxc3 d4 10. Bd2 O-O 11. g3 Nc6 12. Bg2 Be6 13. Qa4 Rc8 14. Rb1
Qc7 15. Bxc6 Qxc6 16. Qxc6 Rxc6 17. Rxb7 Bxc4 18. Nf3 Bd5 19. Nxe5 Re6 20.
Nd7 Bxh1 21. Nxf8 Bxb7 22. f3 Kxf8 {White resigns} 0-1

[Event "ICCopen2017"]
[Site "Internet Chess Club"]
[Date "2017.03.19"]
[Round "3"]
[White "Mysterious17"]
[Black "Anday"]
[Result "1-0"]
[ICCResult "Black checkmated"]
[WhiteElo "1738"]
[BlackElo "1405"]
[Opening "Sicilian: Grand Prix attack"]
[ECO "B23"]
[NIC "SI.44"]
[Time "19:35:30"]
[TimeControl "180+0"]

1. e4 c5 2. Nc3 Nc6 3. f4 g6 4. Nf3 Bg7 5. Bc4 e6 6. O-O Nge7 7. f5 gxf5 8.
d3 fxe4 9. dxe4 d6 10. Qe1 Bd4+ 11. Kh1 Rg8 12. Qh4 Ng6 13. Qh6 a6 14. Nxd4
cxd4 15. Qxh7 Rh8 16. Qxf7# {Black checkmated} 1-0

[Event "ICCopen2017"]
[Site "Internet Chess Club"]
[Date "2017.03.19"]
[Round "3"]
[White "sravanrenjith"]
[Black "Attalus"]
[Result "1-0"]
[ICCResult "Black resigns"]
[WhiteElo "1501"]
[BlackElo "1332"]
[Opening "King's Indian: London system"]
[ECO "A48"]
[NIC "QP.06"]
[Time "19:34:59"]
[TimeControl "180+0"]

1. d4 Nf6 2. Nf3 g6 3. Bf4 e6 4. h3 Bg7 5. e3 O-O 6. Nbd2 d5 7. Be2 c6 8. c4
Nbd7 9. O-O Ne4 10. Nxe4 dxe4 11. Nd2 f5 12. Qb3 Nf6 13. Be5 Nh5 14. Bxh5
gxh5 15. Bxg7 Kxg7 16. f3 Qg5 17. fxe4 a5 18. exf5 Rxf5 19. Rxf5 Qxf5 20.
Rf1 Qg5 21. Qc3 Bd7 22. Nf3 Qe7 {Black resigns} 1-0

[Event "ICCopen2017"]
[Site "Internet Chess Club"]
[Date "2017.03.19"]
[Round "3"]
[White "jupiter26"]
[Black "KH"]
[Result "1-0"]
[ICCResult "Black checkmated"]
[WhiteElo "1693"]
[BlackElo "2014"]
[Opening "Queen's pawn"]
[ECO "A40"]
[NIC "QO.17"]
[Time "19:34:10"]
[TimeControl "180+0"]

1. d4 h6 2. c4 g5 3. e4 Bg7 4. Nc3 c5 5. d5 d6 6. Bd2 Nd7 7. Nf3 Ngf6 8. h3
g4 9. hxg4 Nxg4 10. Bd3 a6 11. Qe2 h5 12. O-O-O Qc7 13. Ng5 Nde5 14. Bc2 b5
15. b3 bxc4 16. bxc4 Bd7 17. f4 Ng6 18. e5 dxe5 19. Bxg6 fxg6 20. fxe5 Nxe5
21. d6 Qxd6 22. Bf4 Qf6 23. Nd5 Nd3+ 24. Rxd3 Qa1+ 25. Kd2 Qb2+ 26. Ke1 Qa1+
27. Kf2 Bd4+ 28. Kg3 O-O 29. Nxe7+ Kg7 30. Rxd4 Qxd4 31. Be5+ Kh6 32. Bxd4
cxd4 33. Qe4 Kxg5 34. Qxg6# {Black checkmated} 1-0

[Event "ICCopen2017"]
[Site "Internet Chess Club"]
[Date "2017.03.19"]
[Round "3"]
[White "AlirezaFirouzja"]
[Black "ehkopean"]
[Result "1-0"]
[ICCResult "Black resigns"]
[WhiteElo "2591"]
[BlackElo "1758"]
[Opening "Nimzo-Indian: 4.e3 c5"]
[ECO "E41"]
[NIC "NI.04"]
[Time "19:34:44"]
[TimeControl "180+0"]

1. d4 e6 2. c4 Nf6 3. Nc3 Bb4 4. e3 c5 5. Bd3 O-O 6. Nf3 cxd4 7. exd4 d5 8.
O-O dxc4 9. Bxc4 b6 10. Bg5 h6 11. Bh4 Be7 12. a3 Bb7 13. Ba2 Nbd7 14. Rc1
a6 15. Qd3 b5 16. Bb1 g5 17. Nxg5 hxg5 18. Bxg5 Rc8 19. Qg3 Nh7 20. Bf6+
{Black resigns}
1-0

[Event "ICCopen2017"]
[Site "Internet Chess Club"]
[Date "2017.03.19"]
[Round "3"]
[White "Magagna"]
[Black "Persi"]
[Result "1-0"]
[ICCResult "Black checkmated"]
[WhiteElo "1594"]
[BlackElo "1317"]
[Opening "Colle system"]
[ECO "D05"]
[NIC "QP.08"]
[Time "19:34:55"]
[TimeControl "180+0"]

1. d4 d5 2. Nf3 Nf6 3. e3 e6 4. Bd3 c5 5. c3 c4 6. Bc2 Nc6 7. O-O a6 8. Nbd2
b5 9. Re1 Bd6 10. e4 dxe4 11. Nxe4 Nxe4 12. Bxe4 Bd7 13. Bg5 Be7 14. Bf4 O-O
15. Qc2 f5 16. Bxc6 Bxc6 17. Rxe6 Bxf3 18. gxf3 Bh4 19. Rae1 Qd7 20. Bg3
Bxg3 21. fxg3 g6 22. Qe2 a5 23. Re7 Qc6 24. Qe5 Qxf3 25. Qg7# {Black
checkmated} 1-0

[Event "ICCopen2017"]
[Site "Internet Chess Club"]
[Date "2017.03.19"]
[Round "3"]
[White "jefferyx"]
[Black "wagnerbi"]
[Result "1-0"]
[ICCResult "Black resigns"]
[WhiteElo "2668"]
[BlackElo "1884"]
[Opening "Queen's pawn: London system"]
[ECO "A45"]
[NIC "QP.07"]
[Time "19:34:25"]
[TimeControl "180+0"]

1. d4 Nf6 2. Bf4 g6 3. Nc3 Bg7 4. e4 d6 5. Qd2 c6 6. Bh6 Bxh6 7. Qxh6 Nbd7
8. Nf3 b5 9. Bd3 Nb6 10. O-O Bg4 11. Ng5 e5 12. dxe5 dxe5 13. h3 Bd7 14. Qg7
Rf8 15. f4 Nh5 16. Qh6 Nxf4 17. Nxh7 Rh8 18. Qg7 Rxh7 19. Qg8+ Ke7 20. Qxh7
Be6 21. Rxf4 exf4 22. Qh4+ f6 23. Qxf4 Qd4+ 24. Kh1 b4 25. Ne2 Qxb2 26. Rf1
Rf8 27. Qc7+ Nd7 28. Nf4 Qxa2 29. Nxg6+ Ke8 30. e5 f5 31. Nxf8 Kxf8 32. Bxf5
Ke7 33. Qd6+ Kd8 34. Bxe6 {Black resigns} 1-0

[Event "ICCopen2017"]
[Site "Internet Chess Club"]
[Date "2017.03.19"]
[Round "3"]
[White "F83"]
[Black "Mighty-Penguin"]
[Result "1-0"]
[ICCResult "Black resigns"]
[WhiteElo "1749"]
[BlackElo "2101"]
[Opening "Four knights: Scotch, 4...exd4"]
[ECO "C47"]
[NIC "KP.06"]
[Time "19:34:52"]
[TimeControl "180+0"]

1. e4 e5 2. Nf3 Nc6 3. Nc3 Nf6 4. d4 exd4 5. Nxd4 Bb4 6. Nxc6 bxc6 7. Bd3 d6
8. O-O O-O 9. h3 h6 10. Qf3 Bd7 11. Bf4 Re8 12. Rae1 Be6 13. e5 dxe5 14.
Bxe5 Bd5 15. Qg3 Re6 16. Bf5 Re8 17. Bxc7 Nh5 18. Bxd8 Rxe1 19. Qh4 g6 20.
Rxe1 {Black resigns} 1-0

[Event "ICCopen2017"]
[Site "Internet Chess Club"]
[Date "2017.03.19"]
[Round "3"]
[White "hamlet"]
[Black "Trinity8"]
[Result "1-0"]
[ICCResult "Black resigns"]
[WhiteElo "1649"]
[BlackElo "1327"]
[Opening "English opening"]
[ECO "A20"]
[NIC "EO.24"]
[Time "19:34:54"]
[TimeControl "180+0"]

1. c4 e5 2. g3 Nf6 3. Bg2 d5 4. cxd5 Nxd5 5. d3 Nc6 6. Nf3 Bb4+ 7. Nbd2 O-O
8. O-O f5 9. a3 Be7 10. b4 a6 11. Qb3 Be6 12. Nc4 Bf6 13. Bb2 Nd4 14. Nxd4
exd4 15. e4 dxe3 16. Bxf6 Nxf6 17. fxe3 b5 18. Bxa8 Qxa8 19. Rac1 bxc4 20.
dxc4 Ng4 21. Rf4 Rd8 22. Rcf1 Rd2 23. e4 Qd8 24. exf5 Qd4+ 25. Rxd4
{Black resigns}
1-0

[Event "ICCopen2017"]
[Site "Internet Chess Club"]
[Date "2017.03.19"]
[Round "3"]
[White "tirandopiezas"]
[Black "Kronus"]
[Result "0-1"]
[ICCResult "White checkmated"]
[WhiteElo "1827"]
[BlackElo "1539"]
[Opening "Petrov: classical attack, close variation"]
[ECO "C42"]
[NIC "RG.04"]
[Time "19:34:19"]
[TimeControl "180+0"]

1. e4 e5 2. Nf3 Nf6 3. Nxe5 d6 4. Nf3 Nxe4 5. d4 Nf6 6. Bd3 Be7 7. h3 c6 8.
O-O Be6 9. c4 Nbd7 10. Nc3 d5 11. c5 Qc7 12. Re1 O-O-O 13. b4 Nb8 14. a4 Qd7
15. b5 h5 16. Ng5 Ng4 17. Nxe6 fxe6 18. hxg4 hxg4 19. Qxg4 Rh4 20. Qxe6 Rdh8
21. Qxd7+ Nxd7 22. f3 Rh1+ 23. Kf2 Bh4+ 24. g3 Rh2+ 25. Ke3 Re8+ 26. Be4
Bxg3 27. Rg1 Bf2+ 28. Kf4 Bxg1 29. Bf5 g5+ 30. Kxg5 Rg8+ 31. Kf4 Rh4+ 32.
Bg4 Bh2+ 33. Kf5 Rf8+ 34. Kg5 Rhh8 35. Be3 Rhg8+ 36. Kh4 Bc7 37. Rf1 Rh8+
38. Kg5 Bd8+ 39. Kg6 Rf6+ 40. Kg7 Re8 41. Bg5 Re7+ 42. Kg8 Rf8#
{White checkmated}
0-1

[Event "ICCopen2017"]
[Site "Internet Chess Club"]
[Date "2017.03.19"]
[Round "3"]
[White "Parsifal"]
[Black "refid"]
[Result "1-0"]
[ICCResult "Black resigns"]
[WhiteElo "2381"]
[BlackElo "1791"]
[Opening "Vienna game"]
[ECO "C28"]
[NIC "VG.02"]
[Time "19:34:21"]
[TimeControl "180+0"]

1. Nc3 Nf6 2. e4 e5 3. Bc4 Nc6 4. d3 d6 5. f4 Bg4 6. Nf3 Be7 7. O-O exf4 8.
Bxf4 O-O 9. Qd2 Bxf3 10. Rxf3 Ne5 11. Bxe5 dxe5 12. Raf1 c6 13. Kh1 b5 14.
Bb3 a5 15. a4 b4 16. Nd1 Ra7 17. Ne3 g6 18. Qf2 Kg7 19. Qg3 Kh8 20. Qxe5 Kg7
21. Ng4 Qb8 22. Qxb8 Rxb8 23. Nxf6 {Black resigns} 1-0

[Event "ICCopen2017"]
[Site "Internet Chess Club"]
[Date "2017.03.19"]
[Round "3"]
[White "UnderArmour"]
[Black "zoujun1966"]
[Result "1-0"]
[ICCResult "Black checkmated"]
[WhiteElo "1897"]
[BlackElo "1538"]
[Opening "Sicilian: Canal-Sokolsky (Nimzovich-Rossolimo, Moscow) attack"]
[ECO "B51"]
[NIC "SI.01"]
[Time "19:35:09"]
[TimeControl "180+0"]

1. e4 c5 2. Nf3 d6 3. Bb5+ Nd7 4. d4 cxd4 5. Qxd4 a6 6. Bxd7+ Bxd7 7. c4 h6
8. Nc3 e5 9. Qd3 Nf6 10. O-O Be7 11. h3 O-O 12. Rd1 Be6 13. Ne1 Qc7 14. b3
Rfc8 15. Bb2 Bf8 16. Nc2 b5 17. cxb5 axb5 18. Ne3 b4 19. Nb5 Qb6 20. Nxd6
Rd8 21. Bxe5 Bxd6 22. Bxd6 Nxe4 23. Qxe4 Rxd6 24. Qxa8+ Kh7 25. Rxd6 Qxd6
26. Qe4+ g6 27. Rd1 Qc5 28. Qd4 Qa5 29. Nd5 Bxd5 30. Qxd5 Qc7 31. Re1 Qa7
32. Re8 Qc7 33. Qd4 Qc1+ 34. Kh2 Qc7+ 35. g3 h5 36. Qh8# {Black checkmated}
1-0

[Event "ICCopen2017"]
[Site "Internet Chess Club"]
[Date "2017.03.19"]
[Round "3"]
[White "ajam"]
[Black "Mandragora"]
[Result "1-0"]
[ICCResult "Black resigns"]
[WhiteElo "1920"]
[BlackElo "1589"]
[Opening "English opening"]
[ECO "A21"]
[NIC "EO.23"]
[Time "19:34:25"]
[TimeControl "180+0"]

1. c4 e5 2. Nc3 Ne7 3. Nf3 Ng6 4. d3 c6 5. g3 Bb4 6. Bg2 O-O 7. O-O Bxc3 8.
bxc3 d6 9. Rb1 f5 10. Qc2 Qc7 11. Ba3 Be6 12. Qb3 b6 13. Ng5 Bf7 14. Nxf7
Rxf7 15. Qa4 a5 16. Rb2 Ra6 17. Rfb1 e4 18. dxe4 fxe4 19. Bxe4 Ne5 20. c5 b5
21. cxd6 Qd7 22. Qd4 Nc4 23. Rb3 Nxa3 24. Rxa3 Qe6 25. Rf1 Nd7 26. c4 c5 27.
Qd5 Qxd6 28. cxb5 Rb6 29. Rxa5 Kf8 30. Rd1 Qxd5 31. Rxd5 Nf6 32. Re5 Nxe4
33. Ra8+ {Black resigns} 1-0

[Event "ICCopen2017"]
[Site "Internet Chess Club"]
[Date "2017.03.19"]
[Round "3"]
[White "Iamwell"]
[Black "Littlejack1"]
[Result "1-0"]
[ICCResult "Black forfeits on time"]
[WhiteElo "1951"]
[BlackElo "1389"]
[Opening "Queen's pawn: London system"]
[ECO "A45"]
[NIC "QP.07"]
[Time "19:34:56"]
[TimeControl "180+0"]

1. d4 Nf6 2. Bf4 e6 3. e3 Be7 4. Nf3 Nc6 5. Be2 O-O 6. h3 d6 7. O-O b6 8. c4
Bb7 9. Nbd2 d5 10. a3 Bd6 11. Bxd6 Qxd6 12. b4 Ne7 13. c5 bxc5 14. bxc5 Qd7
15. Ne5 Qd8 16. Rb1 Rb8 17. Qa4 c6 18. Qxa7 Qc8 19. Qa4 Ra8 20. Qb4
{Black forfeits on time}
1-0

[Event "ICCopen2017"]
[Site "Internet Chess Club"]
[Date "2017.03.19"]
[Round "3"]
[White "niftyleopard"]
[Black "bookseller"]
[Result "1-0"]
[ICCResult "Black resigns"]
[WhiteElo "1168"]
[BlackElo "1402"]
[Opening "Scotch: Schmidt variation"]
[ECO "C45"]
[NIC "SO.04"]
[Time "19:34:48"]
[TimeControl "180+0"]

1. e4 e5 2. Nf3 Nc6 3. d4 exd4 4. Nxd4 Nf6 5. Nc3 Bb4 6. f3 O-O 7. Bg5 h6 8.
Bxf6 Qxf6 9. Ne2 a6 10. a3 Bc5 11. Ng3 d6 12. Bc4 Ne5 13. Bb3 Be6 14. Nd5
Qd8 15. Nc3 Bxb3 16. cxb3 c6 17. Nf5 Qg5 18. Qd2 Qg6 19. Ne7+ {Black
resigns} 1-0

[Event "ICCopen2017"]
[Site "Internet Chess Club"]
[Date "2017.03.19"]
[Round "3"]
[White "moonriver"]
[Black "Bojack"]
[Result "0-1"]
[ICCResult "White checkmated"]
[WhiteElo "1379"]
[BlackElo "1857"]
[Opening "Queen's Indian defense"]
[ECO "A47"]
[NIC "QP.06"]
[Time "19:35:34"]
[TimeControl "180+0"]

1. d4 Nf6 2. Nf3 b6 3. c4 Bb7 4. Nbd2 d6 5. e3 Nbd7 6. Be2 g6 7. O-O Bg7 8.
Rb1 O-O 9. b4 Re8 10. Bb2 Nh5 11. Ne1 Nhf6 12. f3 e5 13. d5 Bh6 14. Kf2 a5
15. a3 Nh5 16. f4 exf4 17. Bxh5 fxe3+ 18. Kg1 exd2 19. Nf3 gxh5 20. Qc2 axb4
21. axb4 Ra2 22. Ra1 Rxb2 23. Qxb2 Qf6 24. Qxf6 Nxf6 25. Rad1 Ng4 26. Rxd2
Be3+ 27. Kh1 Bxd2 28. Nxd2 Re2 29. Nf3 Ne3 30. Rg1 Nxc4 31. g4 Bxd5 32.
gxh5+ Kf8 33. Rg3 Nd2 34. h3 Nxf3 35. b5 Rh2# {White checkmated} 0-1